 Dungeon Crawl Stone Soup version 0.31-a0-188-g5e087ee2ca (webtiles) character file.

Game seed: 16483670255248456096

63 qw the Shooter (level 3, -3/20 HPs)
             Began as a Deep Elf Hunter on June 23, 2023.
             Was an Initiate of Okawaru.
             Slain by an ogre
             ... wielding a +0 giant club
              (23 damage)
             ... on level 4 of the Dungeon.
             The game lasted 00:00:35 (1850 turns).

qw the Shooter (Deep Elf Hunter)                    Turns: 1850, Time: 00:00:35

Health: -3/20      AC: 12    Str: 10    XL:     3   Next: 89%
Magic:  5/5        EV:  9    Int: 20    God:    Okawaru [......]
Gold:   136        SH:  0    Dex: 21    Spells: 2/2 levels left

rFire   . . .        n - +9 sling of Mens Rea {heavy, Contam Int+7}
rCold   . . .        (no shield)
rNeg    . . .        o - +5 scale mail of the Sacrificial Victim {-Cast Rampage Dex+3}
rPois   .            (no helmet)
rElec   .            (no cloak)
rCorr   .            d - +0 pair of gloves
SInv    .            (no boots)
Will    .....        (no amulet)
Stlth   +            (no ring)
HPRegen 0.23/turn    (no ring)
MPRegen 0.09/turn

%: no spellcasting, rampage
@: no status effects
A: no striking features
a: Renounce Religion


You were on level 4 of the Dungeon.
You worshipped Okawaru.
Okawaru was noncommittal.
You visited 1 branch of the dungeon, and saw 4 of its levels.

You collected 136 gold pieces.


   Skills:
 - Level 1.5 Fighting
 + Level 7.3 Ranged Weapons
 - Level 2.4 Dodging
 - Level 1.2 Stealth


You had 2 spell levels left.
You didn't know any spells.
Your spell library was empty.

Inventory:

Hand Weapons
 n - the +9 sling of Mens Rea (weapon) {heavy, Contam Int+7}
   (You found it on level 2 of the Dungeon)

   Int:       It affects your intelligence (+7).
   Contam:    It causes magical contamination when unequipped.
Armour
 d - a +0 pair of gloves (worn)
 o - the +5 scale mail of the Sacrificial Victim (worn) {-Cast Rampage Dex+3}
   (You found it on level 2 of the Dungeon)

   Dex:       It affects your dexterity (+3).
   -Cast:     It prevents spellcasting.
   Rampage:   It bestows one free step when moving towards enemies.
Jewellery
 m - a ring of fire
Scrolls
 a - a scroll of identify
 i - a scroll of enchant weapon
Potions
 b - a potion of brilliance {unknown}
 c - a potion of degeneration {unknown}
 f - a potion of haste
 h - a potion of heal wounds
 j - 2 potions of curing

Dungeon Overview and Level Annotations

Branches:
Dungeon (4/15)             Temple (0/1) D:4

Altars:
Okawaru
Uskayaw


Message History

Enter note: You see here a book of Changes.
You see here a +0 ring mail.
You see here a +0 ring mail.
You see here a dart slug corpse.
You see here a giant cockroach corpse.
You see here a hobgoblin corpse.
Things that are here:
a +0 club; a +0 scale mail; an orc skeleton You see here a rat skeleton.
Done exploring.
Enter note:
Enter note:
Enter note:
Enter note:
Enter note:
Enter note:
Enter note:
Enter note:
Enter note: Done exploring.
(D) Dungeon
Where to? (* - list waypoints, Enter - D:3 @ (x,y), ? - help)
What level of the Dungeon? (default 1, ? - help)
You see here a rat skeleton.
Things that are here:
a +0 club; a +0 scale mail; an orc skeleton
There is a stone staircase leading down here.
You climb downwards.
Found a black potion.
Found a staircase to the Ecumenical Temple.
There is a stone staircase leading up here.
There are monsters nearby!
Waypoint 3 assigned to D:4.
You shoot a sling bullet.
The sling bullet barely misses the ogre.
You shoot a sling bullet. The sling bullet hits the ogre.
The ogre is lightly wounded.
The ogre hits you with a +0 giant club!!
Ouch! That really hurt!
You die...

.P .#### ..#P
>.. . .. ...
##.##....
#P.P.....
#@.g.....
#.....sO.......
...............
#....!.######.#
#...... .
#...... #......
#......


You could see an ogre, a scorpion and a goblin.

Vanquished Creatures
  An adder (D:3)
  2 worms (D:2)
  A dart slug (D:3)
  An orc (D:3)
  A ball python (D:3)
  5 bats
  An endoplasm (D:1)
  4 giant cockroaches
  5 goblins
  8 hobgoblins
  A quokka (D:2)
  4 kobolds
  10 rats
44 creatures vanquished.

Notes
Turn   | Place    | Note
-------+----------+-------------------------------------------
     0 | D:1      | qw the Deep Elf Hunter began the quest for the Orb.
     0 | D:1      | Reached XP level 1. HP: 12/12 MP: 3/3
     0 | D:1      | 0 ||| qw: Version: 0.3-a-9-g12657ce
     0 | D:1      | 0 ||| qw: Game counter: 4131
     0 | D:1      | 0 ||| qw: Always use a shield: true
     0 | D:1      | 0 ||| qw: God list: Okawaru
     0 | D:1      | 0 ||| qw: Allow faded altars: false
     0 | D:1      | 0 ||| qw: Do Orc after D:15 true
     0 | D:1      | 0 ||| qw: Do second Lair branch before Depths: true
     0 | D:1      | 0 ||| qw: Lair rune preference: random
     0 | D:1      | 0 ||| qw: Plans: Normal
     0 | D:1      | 0 ||| PLANNING D:1-11
   308 | D:1      | Reached XP level 2. HP: 15/16 MP: 4/4
   344 | D:1      | Reached skill level 6 in Ranged Weapons
   629 | D:1      | 629 ||| DROPPING amulet of magic regeneration.
   630 | D:1      | 630 ||| READING 5 scrolls labelled SAXTU IPSIKUAXT.
   631 | D:1      | 631 ||| READING scroll labelled TAXKIE FUSONAI.
   632 | D:1      | 632 ||| READING scroll labelled NIUBIJUOPH.
   633 | D:1      | 633 ||| READING 4 scrolls of identify.
   633 | D:1      | 633 ||| IDENTIFYING metallic yellow potion
   634 | D:1      | 634 ||| READING 3 scrolls of identify.
   634 | D:1      | 634 ||| IDENTIFYING coppery potion
   635 | D:1      | 635 ||| READING 2 scrolls of identify.
   635 | D:1      | 635 ||| IDENTIFYING silvery potion
   636 | D:1      | 636 ||| DROPPING scroll of butterflies.
  1013 | D:2      | Identified the +9 sling of Mens Rea {heavy, Contam Int+7}
  1015 | D:2      | 1015 ||| SWAPPING to +9 sling of Mens Rea {heavy, Contam
                  | Int+7}.
  1016 | D:2      | 1016 ||| DROPPING +0 shortbow.
  1096 | D:2      | Reached XP level 3. HP: 20/20 MP: 5/5
  1103 | D:2      | Identified the +5 scale mail of the Sacrificial Victim
                  | {-Cast Rampage Dex+3}
  1308 | D:2      | 1308 ||| UPGRADING to +0 pair of gloves.
  1313 | D:2      | 1313 ||| UPGRADING to +0 ring mail.
  1323 | D:2      | 1323 ||| DROPPING +0 leather armour.
  1324 | D:2      | 1324 ||| UPGRADING to +5 scale mail of the Sacrificial
                  | Victim {-Cast Rampage Dex+3}.
  1334 | D:2      | 1334 ||| DROPPING +0 ring mail.
  1335 | D:2      | 1335 ||| DROPPING ring of wizardry.
  1336 | D:2      | 1336 ||| READING 2 scrolls labelled WEBAIL DAMYEMP.
  1337 | D:2      | 1337 ||| READING 2 scrolls labelled KODUAC FIKHLE.
  1338 | D:2      | 1338 ||| READING scroll labelled DAISUTT SEMUINOI.
  1377 | D:2      | 1377 ||| READING scroll labelled MONAXTEYPP.
  1382 | D:2      | 1382 ||| DROPPING scroll of immolation.
  1502 | D:3      | Found a faded altar of an unknown god.
  1564 | D:3      | Reached skill level 7 in Ranged Weapons
  1577 | D:3      | Found a hide-covered altar of Uskayaw.
  1688 | D:3      | Found an iron altar of Okawaru.
  1689 | D:3      | 1689 ||| PLANNING OKAWARU WORSHIP
  1696 | D:3      | Became a worshipper of Warmaster Okawaru
  1697 | D:3      | 1697 ||| PLANNING D:1-11
  1848 | D:4      | Noticed an ogre
  1848 | D:4      | Noticed a scorpion
  1848 | D:4      | Found a staircase to the Ecumenical Temple.
  1850 | D:4      | Slain by an ogre

Levels and vault maps discovered:
D:1:      giann_horns, layout_loops_ring, hangedman_decor_push
D:2:      layout_basic
D:3:      layout_rooms, okawaru_trees_2, lemuel_coloured_pillars_altar,
          ebering_ecumenical_altar_abandoned
D:4:      layout_basic, ashenzari_conservatory_becter, lemuel_crystal_altar,
          minmay_temple_entry_gardened_gates, minmay_gold_behind_fungi,
          grunt_ministairs_6, serial_bayou_crossing, uniq_blork_the_orc

Skill      XL: |  1  2  3 |
---------------+----------+-----
Ranged Weapons | 6 7 |  7.3
Fighting       | |  1.5
Dodging        | |  2.4
Stealth        | |  1.2

Action                     || total
---------------------------++-------
   Fire: Shortbow          ||    49
         Sling             ||    38
    Use: Scroll            ||    10
 Armour: Leather armour    ||     2
         Scale mail        ||     2
  Dodge: Dodged            ||     4

Table legend:
 A = Non-vault XP
 B = Vault XP
 C = Vault XP percentage of total XP
 D = Non-vault monster count
 E = Vault monster count
 F = Vault count percentage of total count
                 A         B        C        D         E       F
            +---------+---------+-------+---------+---------+-------
      Total |      91 |       0 |   0.0 |      44 |       0 |   0.0
            +---------+---------+-------+---------+---------+-------
        D:1 |      15 |       0 |   0.0 |       9 |       0 |   0.0
        D:2 |      29 |       0 |   0.0 |      15 |       0 |   0.0
        D:3 |      47 |       0 |   0.0 |      20 |       0 |   0.0
            +---------+---------+-------+---------+---------+-------
